 Dungeon Crawl Stone Soup version 0.26-a0-757-g626ac9e51a (webtiles) character file.

Game seed: 1798689391506358131

8515 strifetoe the Basher (level 11, -3/69 HPs)
             Began as a Gargoyle Fighter on Nov 7, 2020.
             Was an Elder of Elyvilon.
             Slain by a death knight
             ... wielding a +2 morningstar
              (25 damage)
             ... on level 10 of the Dungeon.
             The game lasted 00:12:43 (11393 turns).

strifetoe the Basher (Gargoyle Fighter)            Turns: 11393, Time: 00:12:44

Health: -3/69      AC: 23    Str: 22    XL:     11   Next: 32%
Magic:  11/11      EV:  4    Int: 10    God:    Elyvilon [****..]
Gold:   638        SH:  9    Dex:  9    Spells: 10/10 levels left

rFire    + . .     SeeInvis .   y - +2 morningstar (holy)
rCold    . . .     Faith    .   c - +0 kite shield
rNeg     + . .     Spirit   .   C - +0 plate armour
rPois    ∞         Reflect  .   N - +0 helmet
rElec    +         Harm     .   (no cloak)
rCorr    .         Rampage  .   i - +0 pair of gloves
MR       .....                  v - +1 pair of boots
Stlth    ..........             (no amulet)
HPRegen  0.21/turn              B - ring of protection from fire
MPRegen  0.12/turn              M - ring of flight

@: no status effects
A: negative energy resistance 1, electricity resistance, unbreathing,
petrification resistance, rot immunity, AC +8
a: Lesser Healing, Heal Other, Purification, Greater Healing, Divine Protection,
Renounce Religion, Evoke Flight


You were on level 10 of the Dungeon.
You worshipped Elyvilon.
Elyvilon was greatly pleased with you.
You visited 1 branch of the dungeon, and saw 10 of its levels.
You also visited: Ossuary.

You collected 647 gold pieces.
You donated 9 gold pieces to Zin.

Inventory:

Hand Weapons
 a - a +0 war axe
 s - a +2 whip of venom
 y - a +2 morningstar of holy wrath (weapon)
 I - the +3 executioner's axe "Efomut" {spect, Int+5 Stlth-}
   (You acquired it on level 8 of the Dungeon)

   It retains the spirit of the tree from which it was made.
   In the hands of one skilled in evocations this spirit is drawn out to fight
   along side the wielder.
   It affects your intelligence (+5).
   It makes you less stealthy.
Armour
 c - a +0 kite shield (worn)
 i - a +0 pair of gloves (worn)
 v - a +1 pair of boots (worn)
 C - a +0 plate armour (worn)
 N - a +0 helmet (worn)
Jewellery
 B - a ring of protection from fire (left hand)
 M - a ring of flight (right hand)
Wands
 j - a wand of polymorph (3)
 E - a wand of disintegration (10)
 F - a wand of enslavement (8)
 G - a wand of flame (21)
Scrolls
 b - a scroll of acquirement
 f - 4 scrolls of fog {unknown}
 h - 9 scrolls of identify
 k - 5 scrolls of remove curse
 m - 5 scrolls of enchant weapon
 n - 3 scrolls of random uselessness {unknown}
 o - 2 scrolls of enchant armour
 p - 3 scrolls of teleportation
 r - a scroll of fear
 x - 2 scrolls of noise
 A - a scroll of magic mapping
 H - 3 scrolls of immolation {unknown}
 K - a scroll of amnesia
 O - a scroll of blinking {unknown}
Potions
 d - 3 potions of might
 e - 8 potions of curing
 g - 2 potions of flight
 l - 3 potions of magic
 q - a potion of invisibility
 t - a potion of heal wounds
 u - a potion of attraction
 w - a potion of lignification
 z - 3 potions of brilliance
 D - 3 potions of berserk rage
 J - a potion of mutation {unknown}
 L - a potion of haste {unknown}


   Skills:
 - Level 8.5 Fighting
 + Level 9.7(11.2) Axes
 - Level 10.2(12.0) Maces & Flails
 - Level 3.2 Armour
 - Level 3.2 Shields
 - Level 5.3 Evocations


You had 10 spell levels left.
You didn't know any spells.
Your spell library contained the following spells:

 Spells                   Type           Power        Failure   Level
 Animate Skeleton         Necr           #.....       100%        1
 Apportation              Tloc           #.....       100%        1
 Corona                   Hex            #......      100%        1
 Magic Dart               Conj           #...         100%        1
 Shock                    Conj/Air       #...         100%        1
 Summon Small Mammal      Summ           #...         100%        1
 Blink                    Tloc           N/A          100%        2
 Call Imp                 Summ           #.......     100%        2
 Slow                     Hex            #.......     100%        2
 Swiftness                Air            #.......     100%        2
 Call Canine Familiar     Summ           #.......     100%        3
 Conjure Flame            Conj/Fire      #.......     100%        3
 Mephitic Cloud           Conj/Pois/Air  #.......     100%        3
 Static Discharge         Conj/Air       #.......     100%        3
 Summon Guardian Golem    Hex/Summ       #.......     100%        3
 Airstrike                Air            #.........   100%        4
 Summon Ice Beast         Ice/Summ       #.......     100%        4
 Summon Lightning Spire   Summ/Air       #.......     100%        4
 Lightning Bolt           Conj/Air       #.........   100%        5


Dungeon Overview and Level Annotations

Branches:
Dungeon (10/15)            Temple (0/1) D:6            Lair (0/6) D:10
Ossuary (visited)
    Orc: D:9-12

Altars:
Ashenzari
Elyvilon
Fedhas
Hepliaklqana
Makhleb
Nemelex Xobeh
Qazlal
Ru
Trog
Vehumet
Yredelemnul
Zin
The Shining One

Annotations:
D:4 3 runed translucent doors, RandomCharacter's ghost, amateur HaBr


Innate Abilities, Weirdness & Mutations

You are resistant to torment.
Your stone body is resilient. (AC +8)
You are immune to poison.
You resist negative energy. (rN+)
You are resistant to electric shocks. (rElec)
You can survive without breathing.
You are immune to petrification.
You are immune to rotting.


Message History

The orc wizard shouts!
You hear a shout!
An orc comes into view. It is wielding a +0 flail.
You block the orc warrior's attack.
You barely miss the orc warrior.
The orc shouts!
You hear a shout!
An orc comes into view. It is wielding a +0 flail.
The phantom hits you but does no damage.
The orc warrior barely misses you.
An orc comes into view. It is wielding a +0 dagger.
The orc wizard looks encouraged for a moment.
The orc shouts!
You hear a shout!
The phantom hits you but does no damage.
Unknown command.
The orc warrior hits you from afar with a +0 glaive.
* * * LOW HITPOINT WARNING * * *
The phantom blinks!
Found a runed long sword.
The death knight shouts!
The death knight hits you with a +2 morningstar!!
You die...

###.##........P................##
..#.##..........P♣....#####.....#
..#p##.......>..♣.....# #...8..
.##.##.......(.....♣..# #......
##..##................# #......
#...###..♣P....P.♣....# #......
.....##........)..P...# #>.....
#.[(.)..P.......♣...(.# #......
##..###.........@p##.(# #.[....
.##.# #...#(....####..# #......
..#.###...###...# #..# #...8..
.(#.......# #...# #..# ##)....#
###.......# #.o.# #<.# ##.....##
....####..###...# #..###.....##
##### #........# #....[[....#
#..o.....# #...).....##
#Wo###...# #.........#


You could see a death knight and an orc warrior.

Vanquished Creatures
  A deep elf mage (D:10)
  A gargoyle (D:10)
  Psyche (D:9)
  A troll (D:10)
  Grinder (D:3)
  Sigmund (D:4)
  3 wyverns (D:10)
  4 yaks
  2 water moccasins (D:10)
  4 orc warriors
  3 ice beasts
  2 sky beasts
  A black bear (D:9)
  An eye of draining (D:9)
  2 phantoms
  A wolf (D:9)
  5 ogres
  7 centaurs
  4 big kobolds
  A gnoll sergeant (D:9)
  5 bullfrogs
  A wyvern skeleton (D:10)
  2 scorpions
  4 killer bees (D:7)
  4 howler monkeys
  A centaur zombie (D:5)
  A bullfrog zombie (D:5)
  3 jellies
  8 hounds
  3 centaur skeletons
  4 orc priests
  2 bullfrog skeletons
  2 iguanas
  7 orc wizards
  5 worker ants
  A centaur simulacrum (D:10)
  A hound skeleton (D:8)
  8 mummies (Ossuary)
  Robin (D:2)
  A worker ant zombie (D:6)
  17 gnolls
  13 adders
  3 shadow imps
  5 white imps
  A worker ant simulacrum (D:10)
  6 ufetubi
  An ooze (D:4)
  2 adder skeletons
  3 worms
  3 dart slugs
  6 leopard geckos
  62 orcs
  3 ball pythons
  4 bats (D:1)
  A bat zombie (D:2)
  4 giant cockroaches
  A gnoll zombie (Ossuary)
  12 hobgoblins
  8 jackals
  22 kobolds
  8 quokkas
  A ball python zombie (D:2)
  4 frilled lizards
  10 goblins
  A jackal zombie (D:2)
  4 kobold zombies (Ossuary)
  4 leopard gecko skeletons
  2 leopard gecko zombies (D:2)
  3 orc zombies (Ossuary)
  A quokka skeleton (D:2)
  A quokka zombie (D:5)
  5 rats
331 creatures vanquished.

Vanquished Creatures (collateral kills)
  2 yaks (D:10)
2 creatures vanquished.

Vanquished Creatures (others)
  A yak (D:10)
  2 bushes (D:10)
  A fungus (D:10)
  19 plants (D:10)
  A withered plant (D:2)
24 creatures vanquished.

Grand Total: 357 creatures vanquished

Notes
Turn   | Place    | Note
-------+----------+-------------------------------------------
     0 | D:1      | strifetoe the Gargoyle Fighter began the quest for the Orb.
     0 | D:1      | Reached XP level 1. HP: 14/14 MP: 1/1
   216 | D:1      | Reached XP level 2. HP: 19/19 MP: 2/2
   641 | D:2      | Found a blossoming altar of Fedhas.
   791 | D:2      | Noticed Robin
   806 | D:2      | Reached XP level 3. HP: 6/23 MP: 3/3
   819 | D:2      | HP: 1/23 [hobgoblin/cursed +0 club (3)]
   823 | D:2      | Killed Robin
  1173 | D:2      | Found a glowing silver altar of Zin.
  1178 | D:2      | Reached XP level 4. HP: 28/28 MP: 4/4
  1278 | D:2      | Became a worshipper of Zin the Law-Giver
  1478 | D:2      | Found a glowing golden altar of the Shining One.
  1696 | D:2      | Reached * piety under Zin
  1765 | D:2      | Reached XP level 5. HP: 32/32 MP: 5/5
  1895 | D:2      | Found a radiant altar of Vehumet.
  2275 | D:3      | Noticed Grinder
  2281 | D:3      | Reached skill level 5 in Axes
  2295 | D:3      | Paralysed by Grinder for 3 turns
  2301 | D:3      | Killed Grinder
  2301 | D:3      | Reached XP level 6. HP: 18/37 MP: 6/6
  2764 | D:3      | Found a hazy altar of Hepliaklqana.
  2935 | D:4      | Found a white marble altar of Elyvilon.
  2935 | D:4      | Noticed a phantom
  2964 | D:4      | Killed a phantom
  2964 | D:4      | Reached XP level 7. HP: 40/41 MP: 7/7
  2996 | D:4      | Noticed RandomCharacter's ghost (amateur HaBr)
  3039 | D:4      | Fell from the grace of Zin
  3039 | D:4      | Became a worshipper of Elyvilon the Healer
  3048 | D:4      | Noticed Sigmund
  3065 | D:4      | Killed Sigmund
  3176 | D:4      | Found a runed translucent gate.
  3176 | D:4      | Found a runed translucent gate.
  3176 | D:4      | Found a runed translucent gate.
  3423 | D:4      | Found a burning altar of Makhleb.
  3443 | D:4      | Found a broken altar of Ashenzari.
  3880 | D:5      | Entered Level 5 of the Dungeon
  3884 | D:5      | Reached skill level 1 in Maces & Flails
  3899 | D:5      | Reached skill level 2 in Maces & Flails
  3931 | D:5      | Reached * piety under Elyvilon
  3990 | D:5      | Reached XP level 8. HP: 46/46 MP: 8/8
  4037 | D:5      | Reached skill level 3 in Maces & Flails
  4087 | D:5      | Reached skill level 4 in Maces & Flails
  4182 | D:5      | Reached skill level 5 in Maces & Flails
  4693 | D:6      | Reached skill level 6 in Maces & Flails
  4780 | D:6      | Reached ** piety under Elyvilon
  5068 | D:6      | Reached skill level 7 in Maces & Flails
  5095 | D:6      | Reached XP level 9. HP: 27/51 MP: 7/9
  5637 | D:6      | Reached skill level 8 in Maces & Flails
  5675 | D:6      | Found a staircase to the Ecumenical Temple.
  5779 | D:6      | Found a stormy altar of Qazlal.
  6338 | D:7      | Found a sparkling altar of Nemelex Xobeh.
  6606 | D:7      | Reached skill level 5 in Fighting
  7325 | D:8      | Reached *** piety under Elyvilon
  7328 | D:8      | Found a basalt altar of Yredelemnul.
  7413 | D:8      | Found a sand-covered staircase.
  7418 | Ossuary  | Entered an ossuary
  7783 | D:8      | Found a sacrificial altar of Ru.
  7852 | D:8      | Reached XP level 10. HP: 62/64 MP: 10/10
  8471 | D:8      | Identified a scroll of acquirement
  8471 | D:8      | Acquired the +3 executioner's axe "Efomut" {spect, Int+5
                  | Stlth-}
  8529 | D:9      | Reached skill level 9 in Maces & Flails
  8684 | D:9      | Reached skill level 1 in Evocations
  8900 | D:9      | Reached **** piety under Elyvilon
  9095 | D:9      | Found a bloodstained altar of Trog.
  9232 | D:9      | Noticed Psyche
  9236 | D:9      | Paralysed by Psyche for 7 turns
  9262 | D:9      | Killed Psyche
  9434 | D:10     | Entered Level 10 of the Dungeon
  9753 | D:10     | Reached skill level 10 in Maces & Flails
  9940 | D:10     | Found a staircase to the Lair.
  9971 | D:10     | Reached skill level 5 in Evocations
 10120 | D:10     | Killed a troll
 10120 | D:10     | Reached XP level 11. HP: 69/69 MP: 11/11
 10150 | D:10     | Noticed a death knight
 10152 | D:10     | Noticed a deep elf mage
 11173 | D:10     | Killed a deep elf mage
 11393 | D:10     | Slain by a death knight

Illustrated notes

Levels and vault maps discovered:
D:1:      eino_arrival_cavern_a, layout_loops_ring, minmay_misc_feat_plants
D:2:      layout_basic, lemuel_round_altar, lemuel_coloured_pillars_altar,
          fedhas_ov_isle_minmay, nicolae_overflow_crystal_walls, serial_undead,
          serial_undead_a, serial_undead_f, serial_undead_a, serial_undead_d,
          minmay_tetromino_s4, uniq_robin
D:3:      layout_basic, lemuel_doored_altar, minmay_crystal_room, uniq_grinder
D:4:      layout_basic, gammafunk_temple_overflow_statue, gammafunk_ghost_split,
          elyvilon_altar_4, uniq_sigmund
D:5:      layout_rooms
D:6:      layout_loops_ring, nicolae_qazlal_eye_of_the_storm,
          minmay_temple_entry_statues_pillars, chequers_arboretum
D:7:      layout_basic, nemelex_altar_shiori, minmay_manual_mares
D:8:      layout_basic, lemuel_crystal_altar, kennysheep_mini, enter_ossuary_2
D:9:      layout_cave_pools, trog_eyes_of_draining, uniq_psyche
D:10:     cheibrodos_barr_body, layout_long_grid, minmay_lair_entry_grove,
          david_orc_4, serial_ice, serial_ice_k, serial_ice_o, serial_ice_b,
          serial_ice_d, serial_ice_e, basic_altar

Skill      XL: |  1  2  3  4  5  6  7  8  9 10 11 |
---------------+----------------------------------+-----
Axes           | 2 3 4 6 7 8 9 |  9.7
Maces & Flails | 2 7 8 10 | 10.2
Fighting       | 7 8 |  8.5
Evocations     | 5 |  5.3
Armour         | |  3.2
Shields        | |  3.2

Action                   |  1- 3 |  4- 6 |  7- 9 | 10-12 || total
-------------------------+-------+-------+-------+-------++-------
Melee: War axe           |    81 |   184 |   110 |       ||   375
       Morningstar       |       |       |   477 |   399 ||   876
Invok: Lesser Healing    |       |       |     1 |       ||     1
Evoke: Wand              |       |       |       |     4 ||     4
  Use: Potion            |       |       |     1 |     1 ||     2
       Scroll            |       |       |    18 |     2 ||    20
 Stab: Distracted        |       |       |       |     1 ||     1
       Invisible         |       |       |       |     1 ||     1
Armor: Scale mail        |    59 |   102 |   145 |       ||   306
       Plate armour      |       |       |   242 |   346 ||   588
Dodge: Dodged            |    34 |    54 |   134 |    92 ||   314
Block: Kite shield       |    50 |    88 |   298 |   224 ||   660

Table legend: (Time is in decaauts)
 A = Elapsed time spent in this place.
 B = Non-inter-level travel time spent in this place.
 C = Inter-level travel time spent in this place.
 D = Time resting spent in this place.
 E = Time spent auto-exploring this place.
 F = Levels seen in this place.
 G = Mean time per level.
                   A        B        C        D        E       F      G
               +--------+--------+--------+--------+--------+-----+--------+
         Total |  11579 |  11280 |    299 |   2396 |   6189 |  11 | 1052.6 |
       Dungeon |  11299 |  11000 |    299 |   2396 |   5991 |  10 | 1129.9 |
       Ossuary |    280 |    280 |      0 |      0 |    198 |   1 |  280.0 |
               +--------+--------+--------+--------+--------+-----+--------+

Top non-repeatable levels by time:
     D:9: 1830 daAuts
     D:6: 1517 daAuts
     D:2: 1423 daAuts
     D:7: 1217 daAuts
    D:10: 1039 daAuts
     D:4: 969 daAuts
     D:3: 952 daAuts
     D:8: 942 daAuts
     D:5: 754 daAuts
     D:1: 652 daAuts
 Ossuary: 280 daAuts
